 Dungeon Crawl Stone Soup version 0.22-b1-59-g0aedee7 (webtiles) character file.

441 Lilu the Destroyer (level 6, -2/32 HPs)
             Began as a Deep Elf Conjurer on Aug 9, 2018.
             Killed by divine providence
             ... invoked by an orc priest
              (12 damage)
             ... on level 3 of the Dungeon.
             The game lasted 00:12:35 (3116 turns).

Lilu the Destroyer (Deep Elf Conjurer)              Turns: 3116, Time: 00:12:37

Health: -2/32      AC:  8    Str:  7    XL:     6   Next: 71%
Magic:  1/13       EV: 15    Int: 20    God:
Gold:   218        SH:  0    Dex: 15    Spells: 5/12 levels left

rFire    . . .     SeeInvis .   m - +0 dagger
rCold    . . .     Gourm    .   (no shield)
rNeg     . . .     Faith    .   a - +0 robe
rPois    .         Spirit   .   l - +0 helmet
rElec    .         Reflect  .   n - scarf {repulsion}
rCorr    .         Harm     .   f - +0 pair of gloves
MR       .....                  r - +0 pair of boots
Stlth    ++........             (no amulet)
HPRegen  0.10/turn              k - +2 ring of evasion
MPRegen  0.13/turn              h - +3 ring of protection

@: repel missiles
A: no striking features
a: no special abilities


You were on level 3 of the Dungeon.
You were not hungry.

You visited 1 branch of the dungeon, and saw 4 of its levels.

You collected 218 gold pieces.

Inventory:

Hand Weapons
 m - a +0 dagger (weapon)
Missiles
 q - 38 sling bullets
Armour
 a - a +0 robe (worn)
 f - a +0 pair of gloves (worn)
 l - a +0 helmet (worn)
 n - a scarf of repulsion (worn)
 r - a +0 pair of boots (worn)
Jewellery
 h - a +3 ring of protection (right hand)
 k - a +2 ring of evasion (left hand)
Scrolls
 b - 3 scrolls of teleportation
 g - a scroll of fog
 t - a scroll of amnesia
Potions
 d - a potion of berserk rage
 e - a potion of mutation {unknown}
 i - a potion of brilliance {unknown}
 j - a potion of might {unknown}
 o - a potion of flight {unknown}
 p - a potion of degeneration {unknown}
 s - a potion of invisibility {unknown}
Comestibles
 c - 4 rations


   Skills:
 - Level 2.4 Dodging
 - Level 2.4 Stealth
 + Level 3.6 Spellcasting
 - Level 8.7 Conjurations


You had 5 spell levels left.
You knew the following spells:

 Your Spells              Type           Power        Failure   Level  Hunger
a - Magic Dart            Conj           ####         1%          1    None
b - Searing Ray           Conj           #####.       1%          2    ##.....
c - Iskenderun's Mystic   Conj           #####...     3%          4    ####...

Your spell library contained the following spells:

 Spells                   Type           Power        Failure   Level  Hunger
 Fulminant Prism          Conj/Hex       ###.......   22%         4    ####...
 Dazzling Spray           Conj/Hex       ###...       7%          3    ###....
 Force Lance              Conj/Tloc      ###.....     22%         4    ####...


Dungeon Overview and Level Annotations

Branches:
Dungeon (4/15)
 Temple: D:4-7

Altars:


Message History

The orc misses you. The orc hits you but does no damage.
The orc priest closely misses you.
You climb upwards.
There is a stone staircase leading down here.
You completely miss the orc priest.
The orc priest is almost dead.
The orc barely misses you. The orc misses you.
The orc priest completely misses you.
Casting: Searing Ray (safe; 1% risk of failure)
Confirm with . or Enter, or press ? or * to list all spells.
Aiming: Searing Ray (safe; 1% risk of failure)
Press: ? - help, Shift-Dir - straight line, f - orc priest
Aim: an orc priest, wielding a whip and wearing a ring mail (almost dead)
The searing ray hits the orc priest.
The orc priest is almost dead. (Press . to maintain the ray.)
The orc hits you but does no damage. The orc completely misses you.
The orc priest invokes the aid of Beogh against you.
Beogh smites you!
You die...

.....................# #.#
......##.............# #.#
......##.............# #.#
.......#.............# #.#
.......#####.#.......# #.#
.............#.....#######.#
...#...##...##......).)..#.#
...#..<.....##.o...#####)#.#
...#........##..@o.........#
...#.............o.###...###
...#...............# #...#
...............###.###...#
.....................#...#
...................#.#..[# ###
...................#.#...# #..
.....................#...######.#
.....................#...#....#.#


You could see an orc priest and 2 orcs.

Vanquished Creatures
  Sigmund (D:3)
  A phantom (D:2)
  2 orc wizards (D:3)
  Robin (D:2)
  2 adders
  2 oozes
  An adder skeleton (D:2)
  2 worms
  3 dart slugs
  4 leopard geckos
  4 orcs (D:3)
  9 bats
  3 giant cockroaches
  15 goblins
  7 hobgoblins
  5 jackals
  2 quokkas (D:3)
  7 frilled lizards
  4 kobolds
  10 rats
85 creatures vanquished.

Notes
Turn   | Place    | Note
-------+----------+-------------------------------------------
     0 | D:1      | Lilu the Deep Elf Conjurer began the quest for the Orb.
     0 | D:1      | Reached XP level 1. HP: 10/10 MP: 6/6
   160 | D:1      | Reached XP level 2. HP: 13/15 MP: 4/8
   167 | D:1      | Learned a level 2 spell: Searing Ray
   275 | D:1      | Reached skill level 5 in Conjurations
   672 | D:1      | Reached XP level 3. HP: 19/19 MP: 7/9
   981 | D:2      | Reached skill level 6 in Conjurations
  1241 | D:2      | Noticed Robin
  1242 | D:2      | Noticed a phantom
  1250 | D:2      | Reached XP level 4. HP: 14/24 MP: 7/10
  1269 | D:2      | Killed a phantom
  1269 | D:2      | Reached skill level 7 in Conjurations
  1269 | D:2      | Reached XP level 5. HP: 16/28 MP: 2/11
  1592 | D:2      | Killed Robin
  1835 | D:2      | Learned a level 4 spell: Iskenderun's Mystic Blast
  1925 | D:3      | Noticed Sigmund
  1938 | D:3      | Killed Sigmund
  1938 | D:3      | Reached skill level 8 in Conjurations
  1938 | D:3      | Reached XP level 6. HP: 14/32 MP: 0/12
  3116 | D:3      | Killed from afar by an orc priest

Skill      XL: |  1  2  3  4  5 |
---------------+----------------+-----
Conjurations   | 5 6 7 8 |  8.7
Dodging        | |  2.4
Stealth        | |  2.4
Spellcasting   | |  3.6

Action                   |  1- 3 |  4- 6 || total
-------------------------+-------+-------++-------
Melee: Unarmed           |    15 |    14 ||    29
       Dagger            |       |     1 ||     1
 Cast: Magic Dart        |    59 |    46 ||   105
       Searing Ray       |     6 |    17 ||    23
  Use: Scroll            |       |     7 ||     7
 Stab: Sleeping          |       |     1 ||     1
  Eat: Chunk             |     1 |     6 ||     7
Armor: Robe              |    13 |    18 ||    31
Dodge: Dodged            |    28 |    60 ||    88
